 Dungeon Crawl Stone Soup version 0.24.0-5-g267a8d59f4 (webtiles) character file.

Game seed: 16508803142136462133, levelgen mode: deterministic

48 wullow the Skirmisher (level 3, -4/39 HPs)
             Began as a Naga Wanderer on Nov 2, 2019.
             Was an Initiate of Okawaru.
             Slain by Natasha (7 damage)
             ... on level 3 of the Dungeon.
             The game lasted 00:05:33 (2005 turns).

wullow the Skirmisher (Naga Wanderer)               Turns: 2005, Time: 00:05:34

Health: -4/39      AC:  2    Str: 13    XL:     3   Next: 72%
Magic:  3/3        EV:  6    Int: 12    God:    Okawaru [......]
Gold:   135        SH:  7    Dex: 12    Spells: 2/2 levels left

rFire    . . .     SeeInvis +   e - +0 dagger
rCold    . . .     Gourm    .   p - +0 shield
rNeg     . . .     Faith    .   m - +0 leather armour {rPois}
rPois    +         Spirit   .   (no helmet)
rElec    .         Reflect  .   (no cloak)
rCorr    .         Harm     .   (no gloves)
MR       .....                  (no barding)
Stlth    ++........             (no amulet)
HPRegen  0.13/turn              (no ring)
MPRegen  0.08/turn              (no ring)

@: slowed, very slow
A: large, see invisible, deformed body, poison resistance, slowness 2, slow
metabolism 1, spit poison 1, AC +1
a: Spit Poison, Renounce Religion


You were on level 3 of the Dungeon.
You worshipped Okawaru.
Okawaru was noncommittal.
You were hungry.

You visited 1 branch of the dungeon, and saw 3 of its levels.

You collected 135 gold pieces.

Inventory:

Hand Weapons
 a - a +2 quarterstaff
 e - a +0 dagger (weapon)
 n - a +5 rapier
Missiles
 g - 54 stones (quivered)
 h - 13 sling bullets
 k - 71 arrows
 l - 53 bolts
Armour
 d - a +0 robe
 m - a +0 leather armour of poison resistance (worn)
 p - a +0 shield (worn)
Jewellery
 i - a cursed amulet of inaccuracy {unknown}
Scrolls
 b - a scroll of teleportation
 r - a scroll of identify {unknown}
Potions
 c - a potion of lignification
 j - a potion of resistance {unknown}
 o - 2 potions of flight {unknown}
 q - a potion of curing {unknown}
 s - a potion of heal wounds {unknown}
Comestibles
 f - 4 rations


   Skills:
 + Level 5.1 Fighting
 + Level 0.2 Short Blades
 - Level 2.1 Staves
 + Level 0.0 Armour
 - Level 1.5 Dodging
 + Level 4.5 Stealth
 * Level 0.6 Shields


You had 2 spell levels left.
You didn't know any spells.
Your spell library was empty.

Dungeon Overview and Level Annotations

Branches:
Dungeon (3/15)

Altars:
Okawaru
Sif Muna

Annotations:
D:3 Natasha


Innate Abilities, Weirdness & Mutations

You cannot wear boots.
Your serpentine skin is tough. (AC +1)
You have supernaturally acute eyesight. (SInv)
Armour fits poorly on your strangely shaped body.
Your system is resistant to poisons. (rPois)
You cover ground very slowly.
You have a slow metabolism.
You can spit poison.


Message History

Natasha is heavily wounded.
Natasha claws you!
* * * LOW HITPOINT WARNING * * *
Natasha claws you.
* * * LOW HITPOINT WARNING * * *
You hit Natasha.
Natasha is severely wounded.
You block Natasha's attack. x2
You barely miss Natasha.
Natasha is severely wounded.
The crimson imp blinks!
Natasha barely misses you.
You hit Natasha but do no damage.
Natasha is severely wounded.
Natasha closely misses you.
The crimson imp blinks!
Natasha claws you.
* * * LOW HITPOINT WARNING * * *
You barely miss Natasha.
Natasha is severely wounded.
The crimson imp disappears in a puff of smoke!
Natasha claws you!
You die...

###############
..............#
######.#####.#
#@# #h# #ยง#
..# ... ##.#
#... ..#.


You could see Natasha.

Vanquished Creatures
  An ooze (D:2)
  A worm (D:2)
  2 leopard geckos (D:2)
  4 bats
  3 giant cockroaches (D:1)
  7 goblins
  3 hobgoblins
  2 jackals (D:1)
  A quokka (D:2)
  A ball python (D:1)
  A frilled lizard (D:1)
  7 kobolds
  3 rats
36 creatures vanquished.

Notes
Turn   | Place    | Note
-------+----------+-------------------------------------------
     0 | D:1      | wullow the Naga Wanderer began the quest for the Orb.
     0 | D:1      | wullow set off with the following items: a +2 quarterstaff,
                  | a scroll of teleportation, a potion of lignification, a +0
                  | robe, a +0 dagger, a ration
     0 | D:1      | Reached XP level 1. HP: 25/25 MP: 1/1
   310 | D:1      | Reached XP level 2. HP: 32/32 MP: 2/2
   983 | D:1      | Reached XP level 3. HP: 37/39 MP: 3/3
  1124 | D:2      | Found an iron altar of Okawaru.
  1143 | D:2      | Became a worshipper of Warmaster Okawaru
  1792 | D:2      | Found a shimmering blue altar of Sif Muna.
  1977 | D:3      | Noticed Natasha
  2005 | D:3      | Slain by Natasha

Levels and vault maps discovered:
D:1:      lemuel_arrival_room, layout_basic
D:2:      layout_loops_cross, nicolae_overflow_crystal_walls,
          lemuel_crystal_altar
D:3:      layout_loops_ring, tgw_xom, minmay_strange_pillars, uniq_robin,
          uniq_natasha

Skill      XL: |  1  2 |
---------------+-------+-----
Stealth        | 4 |  4.5
Staves         | 2 |  2.1
Fighting       | |  5.1
Short Blades   | |  0.2
Dodging        | |  1.5
Shields        | |  0.6

Action                   || total
-------------------------++-------
Melee: Quarterstaff      ||    50
       Dagger            ||    60
 Abil: Spit Poison       ||     1
 Stab: Sleeping          ||    12
  Eat: Chunk             ||     2
Armor: Robe              ||     5
       Leather armour    ||    10
Dodge: Dodged            ||    46
Block: Shield            ||    14
